 Dungeon Crawl Stone Soup version 0.27-a0-1280-g9d2d252d84 (webtiles) character file.

Game seed: 4793034082735508568

32 27snakeeyes612 the Shield-Bearer (level 3, -1/20 HPs)
             Began as a Vine Stalker Fighter on June 13, 2021.
             Succumbed to an adder's poison
             ... on level 2 of the Dungeon.
             The game lasted 00:00:40 (1222 turns).

27snakeeyes612 the Shield-Bearer (VSFi)             Turns: 1222, Time: 00:00:40

Health: -1/20      AC:  6    Str: 19    XL:     3   Next: 27%
Magic:  3/4        EV:  7    Int:  8    God:
Gold:   51         SH:  9    Dex: 13    Spells: 2/2 levels left

rFire    . . .     SeeInvis .   a - +0 war axe
rCold    . . .     Faith    .   c - +0 kite shield
rNeg     . . .     Spirit   +   b - +0 scale mail
rPois    .         Reflect  .   (no helmet)
rElec    .         Harm     .   (no cloak)
rCorr    .         Rampage  .   (no gloves)
Will     .....                  (no boots)
Stlth    ..........             (no amulet)
HPRegen  0.06/turn              (no ring)
MPRegen  0.09/turn              (no ring)

@: lethally poisoned (-1 -> -4)
A: fangs 2, magic shield, antimagic bite, no potion heal 2
a: no special abilities


You were on level 2 of the Dungeon.
You visited 1 branch of the dungeon, and saw 2 of its levels.

You collected 51 gold pieces.

Inventory:

Hand Weapons
 a - a +0 war axe (weapon)
Armour
 b - a +0 scale mail (worn)
 c - a +0 kite shield (worn)
Scrolls
 f - 3 scrolls of identify {unknown}
 g - a scroll of fog {unknown}
Potions
 e - a potion of lignification {unknown}


   Skills:
 + Level 3.0 Fighting
 + Level 1.9 Axes
 + Level 2.7 Armour
 + Level 3.2 Shields


You had 2 spell levels left.
You didn't know any spells.
Your spell library was empty.

Dungeon Overview and Level Annotations

Branches:
Dungeon (2/15)

Altars:


Innate Abilities, Weirdness & Mutations

You have extremely sharp teeth.
When hurt, damage is shared between your health and your magic reserves.
Your bite disrupts and absorbs the magic of your enemies.
Potions cannot restore your health.


Message History

f - 3 scrolls labelled EVUIXA IQUVIE (gained 1)
You see here a +0 whip.
You open the gate.
There is an open gate here.
There is an open gate here.
Found 22 stones and 25 arrows.
Found 11 bolts.
Found a stone staircase leading down.
No target in view!
An adder comes into view.
The adder hisses angrily.
An adder is nearby!
An adder is nearby!
You see here a red potion.
You miss the adder. Your bite misses the adder. The adder bites you.
You block the adder's attack.
You closely miss the adder. The adder barely misses you. The adder bites you.
You are poisoned.
The adder poisons you! You block the adder's attack.
You closely miss the adder.
You feel very sick. The adder bites you.
You are more poisoned.
The adder poisons you! The adder barely misses you.
You closely miss the adder. Your bite misses the adder.
You feel very sick. You block the adder's attack. The adder bites you.
* * * LOW HITPOINT WARNING * * *
You barely miss the adder.
* * * LOW HITPOINT WARNING * * *
You feel sick. The adder bites you but does no damage. The adder bites you.
* * * LOW HITPOINT WARNING * * *
You closely miss the adder. You bite the adder. You drain its power.
You feel invigorated.
The adder is lightly wounded.
* * * LOW HITPOINT WARNING * * *
You feel sick. The adder barely misses you. The adder closely misses you.
You hit the adder. Your bite misses the adder.
The adder is moderately wounded.
You die...

#..............# #. #.
#..............# .. #.
#..............####
#..#..................
#.#.............#####
#.##..........#'####
.............''###
#####.(...........#
......S@..##......#
####......##......#
#......##......#
###....##......#
########......#
#(............#
#.(......######
#........# #........#


You could see an adder.

Vanquished Creatures
  An adder (D:2)
  A dart slug (D:1)
  An endoplasm (D:2)
  A giant cockroach (D:1)
  3 goblins (D:1)
  A hobgoblin (D:1)
  4 jackals (D:1)
  2 quokkas (D:1)
  A frilled lizard (D:1)
  2 kobolds
  3 rats
20 creatures vanquished.

Notes
Turn   | Place    | Note
-------+----------+-------------------------------------------
     0 | D:1      | 27snakeeyes612 the Vine Stalker Fighter began the quest for
                  | the Orb.
     0 | D:1      | Reached XP level 1. HP: 11/11 MP: 2/2
   382 | D:1      | Reached XP level 2. HP: 16/16 MP: 3/3
   944 | D:2      | Reached XP level 3. HP: 7/20 MP: 4/4
  1221 | D:2      | HP: 1/20 [poisoned by an adder]
  1222 | D:2      | Succumbed to an adder's poison

Illustrated notes

Levels and vault maps discovered:
D:1:      onia_arrival_pyramid, layout_basic
D:2:      layout_basic, ebering_ecumenical_altar_webs, basic_altar,
          wander_ebering_terrifying_dragon_lair

Skill      XL: |  1  2 |
---------------+-------+-----
Shields        | 3 |  3.2
Fighting       | 3 |  3.0
Axes           | |  1.9
Armour         | |  2.7

Action                   || total
-------------------------++-------
Melee: War axe           ||    62
       Bite              ||    10
  Use: Potion            ||     1
Armor: Scale mail        ||    26
Dodge: Dodged            ||    22
Block: Kite shield       ||    33

Table legend: (Time is in decaauts)
 A = Elapsed time spent in this place.
 B = Non-inter-level travel time spent in this place.
 C = Inter-level travel time spent in this place.
 D = Time resting spent in this place.
 E = Time spent auto-exploring this place.
 F = Levels seen in this place.
 G = Mean time per level.
                   A        B        C        D        E       F      G
               +--------+--------+--------+--------+--------+-----+--------+
         Total |   1261 |   1240 |     21 |    204 |    879 |   2 |  630.5 |
       Dungeon |   1261 |   1240 |     21 |    204 |    879 |   2 |  630.5 |
               +--------+--------+--------+--------+--------+-----+--------+

Top non-repeatable levels by time:
     D:1: 941 daAuts
     D:2: 320 daAuts
